 Dungeon Crawl Stone Soup version 0.31-a0-319-g4fced400ed (webtiles) character file.

Game seed: 8862511973691670364

120 night the Ruffian (level 5, -3/48 HPs)
             Began as a Gargoyle Shapeshifter on July 18, 2023.
             Killed by divine providence
             ... invoked by an orc priest
              (12 damage)
             ... on level 3 of the Dungeon.
             The game lasted 00:03:54 (2059 turns).

night the Ruffian (Gargoyle Shapeshifter)           Turns: 2059, Time: 00:03:54

Health: -3/48      AC: 94    Str: 18    XL:     5   Next: 4%
Magic:  5/5        EV:  2    Int:  9    God:
Gold:   174        SH:  0    Dex: 10    Spells: 4/4 levels left

rFire   + .          .
                       - Unarmed
rCold   + . .        (no shield)
rNeg    + . .        k - melded +0 ring mail
rPois   ∞            (helmet currently unavailable)
rElec   +            (cloak currently unavailable)
rCorr   +            n - melded +0 pair of gloves
SInv    .            j - melded +0 pair of boots
Will    .....        (no amulet)
Stlth   +            s - +4 ring of protection
HPRegen 0.28/turn    (no ring)
MPRegen 0.09/turn

%: no passive effects
@: tree-form, resistant, attractive, unable to drink
A: stationary, stasis, torment immunity, boosted hp, sickness immunity, AC +4,
negative energy resistance 1, (electricity resistance), torment resistance 1,
petrification resistance, weak 1, inability to drink after injury 1, MP-powered
wands
a: no special abilities


You were on level 3 of the Dungeon.
You were a tree.
You visited 1 branch of the dungeon, and saw 3 of its levels.

You collected 174 gold pieces.

Inventory:

Missiles
 d - a throwing net
 h - 40 stones
 u - 3 atropa-tipped darts
Armour
 a - a +0 animal skin
 j - a +0 pair of boots (melded)
 k - a +0 ring mail (melded)
 n - a +0 pair of gloves (melded)
Jewellery
 m - an amulet of magic regeneration
 r - a +6 ring of intelligence
 s - a +4 ring of protection (left branch)
Talismans
 c - a beast talisman
Scrolls
 e - a scroll of revelation {unknown}
 f - a scroll of summoning {unknown}
 g - 4 scrolls of identify {unknown}
 i - a scroll of teleportation {unknown}
 l - a scroll of poison {unknown}
 p - a scroll of enchant armour {unknown}
 q - a scroll of torment {unknown}


   Skills:
 + Level 3.2 Fighting
 - Level 2.1 Dodging
 * Level 3.5 Unarmed Combat
 + Level 2.8 Shapeshifting


You had 4 spell levels left.
You didn't know any spells.
Your spell library was empty.

Dungeon Overview and Level Annotations

Branches:
Dungeon (3/15)

Altars:
Makhleb


Innate Abilities, Weirdness & Mutations

You are a tree.
Your roots penetrate the ground, keeping you stationary.
You cannot be teleported.
You are immune to unholy pain and torment.
Your maximum health is greatly increased.
Your equipment is partially melded.
You are immune to sickness and miasma.
((Your stone body is resilient. (AC +4)))
You are immune to poison.
You resist negative energy. (rN+)
((You are resistant to electric shocks. (rElec)))
You are resistant to unholy torment.
You are immune to petrification.
You are weak. (Str -2)
You occasionally lose the ability to drink potions when taking damage.
You expend magic power (3 MP) to strengthen your wands.


Message History

The orc hits you but does no damage.
You hit the orc priest.
The orc priest is moderately wounded.
The orc priest hits you but does no damage.
The orc hits you but does no damage.
You hit the orc priest but do no damage.
The orc priest is moderately wounded.
The orc priest hits you but does no damage.
The orc barely misses you.
You closely miss the orc priest.
The orc priest is moderately wounded.
The orc priest hits you but does no damage.
The orc hits you but does no damage.
You closely miss the orc priest.
The orc priest is moderately wounded.
The orc priest casts a cantrip, but nothing happens.
The orc hits you but does no damage.
You hit the orc priest but do no damage.
The orc priest is moderately wounded.
The orc priest hits you but does no damage.
The orc hits you but does no damage.
You hit the orc priest but do no damage.
The orc priest is moderately wounded.
The orc priest hits you but does no damage.
The orc completely misses you.
You hit the orc priest.
The orc priest is severely wounded.
The orc priest hits you but does no damage.
The orc hits you but does no damage.
You hit the orc priest.
The orc priest is almost dead.
The orc priest hits you with a +0 flail.
* * * LOW HITPOINT WARNING * * *
The orc hits you but does no damage.
You hit the orc priest.
The orc priest is almost dead.
The orc priest mumbles some strange prayers to Beogh against you.
Beogh smites you!
You feel threatened and lose the ability to drink potions!
You die...

#..........# #...#
#..........# #...#
#..........# #...#
#..........########...#
#................######
####..##.........# ####
#?..###.........# #...
##.### #.........# #...
#o♣# #.........# #...
#..$o)..# #.......).#
#... #.#...###
#.........####...
#.>....
..................
.......
.#.........#######
.......... ###########
.......... ##### ###
........... #...# #.#
###.#.#####.#


You could see an orc priest and an orc.

Vanquished Creatures
  An orc priest (D:3)
  Natasha (D:3)
  An adder (D:2)
  A worm (D:2)
  2 dart slugs (D:1)
  2 orcs (D:3)
  3 endoplasms (D:1)
  3 giant cockroaches (D:1)
  5 goblins (D:1)
  2 hobgoblins (D:1)
  3 jackals (D:2)
  4 quokkas
  3 ball pythons (D:1)
  3 bats (D:1)
  2 frilled lizards (D:1)
  8 kobolds
  7 rats
51 creatures vanquished.

Notes
Turn   | Place    | Note
-------+----------+-------------------------------------------
     0 | D:1      | night the Gargoyle Shapeshifter began the quest for the
                  | Orb.
     0 | D:1      | Reached XP level 1. HP: 12/12 MP: 1/1
    67 | D:1      | Reached XP level 2. HP: 8/18 MP: 2/2
    75 | D:1      | HP: 1/18 [endoplasm (2)]
   470 | D:1      | Reached XP level 3. HP: 22/22 MP: 3/3
   667 | D:1      | Reached skill level 2 in Dodging
  1300 | D:2      | Reached XP level 4. HP: 25/27 MP: 4/4
  1427 | D:2      | Found a burning altar of Makhleb.
  1733 | D:3      | Noticed Natasha
  1737 | D:3      | Killed Natasha
  2045 | D:3      | Reached XP level 5. HP: 6/32 MP: 5/5
  2047 | D:3      | Gained mutation: You occasionally lose the ability to drink
                  | potions when taking damage. [potion of mutation]
  2047 | D:3      | Gained mutation: You are weak. (Str -2) [potion of
                  | mutation]
  2047 | D:3      | Gained mutation: You expend magic power (3 MP) to
                  | strengthen your wands. [potion of mutation]
  2048 | D:3      | HP: 7/48 [orc priest/+0 flail (3)]
  2059 | D:3      | Killed from afar by an orc priest

Illustrated notes

Levels and vault maps discovered:
D:1:      erik_arrival_cave_to_civilisation [erik_arrival_cave_to_hall],
          layout_loops_ring, minmay_vboxes
D:2:      layout_loops_ring, basic_altar
D:3:      layout_basic, old_standard_altar, serial_shops,
          nicolae_shop_rolled_up, minmay_misc_feat_rows, uniq_ijyb, uniq_natasha

Skill      XL: |  1  2  3  4 |
---------------+-------------+-----
Dodging        | 2 |  2.1
Unarmed Combat | 3 |  3.5
Fighting       | 3 |  3.2
Shapeshifting  | |  2.8

Action                     |  1- 3 |  4- 6 || total
---------------------------+-------+-------++-------
  Melee: Unarmed           |   126 |    48 ||   174
         Punch             |     3 |     1 ||     4
Ability: Begin Untransform |     1 |       ||     1
    Use: Potion            |       |     4 ||     4
 Armour: Animal skin       |    24 |       ||    24
         Ring mail         |     9 |    14 ||    23
         Skin              |       |    20 ||    20
  Dodge: Dodged            |    64 |    24 ||    88
   Form: Beast             |     1 |       ||     1

Table legend: (Time is in decaauts)
 A = Elapsed time spent in this place.
 B = Non-inter-level travel time spent in this place.
 C = Inter-level travel time spent in this place.
 D = Time resting spent in this place.
 E = Time spent auto-exploring this place.
 F = Levels seen in this place.
 G = Mean time per level.
                   A        B        C        D        E       F      G
               +--------+--------+--------+--------+--------+-----+--------+
         Total |   2049 |   1998 |     51 |     72 |   1541 |   3 |  683.0 |
       Dungeon |   2049 |   1998 |     51 |     72 |   1541 |   3 |  683.0 |
               +--------+--------+--------+--------+--------+-----+--------+

Top non-repeatable levels by time:
     D:1: 927 daAuts
     D:2: 743 daAuts
     D:3: 377 daAuts
